 Dungeon Crawl Stone Soup version 0.17.1-2-g5865329 (webtiles) character file.

25 pipel the Sneak (level 3, -7/27 HPs)
             Began as a Formicid Assassin on Feb 4, 2016.
             Incinerated by a mottled dragon (9 damage)
             ... with a sticky flame
             ... on level 14 of the Dungeon.
             The game lasted 00:01:17 (68 turns).

pipel the Sneak (Formicid Assassin)                   Turns: 68, Time: 00:01:17

Health: -7/27      AC:  3    Str: 18    XL:     3   Next: 17%
Magic:  3/3        EV: 11    Int: 10    God:
Gold:   28         SH:  0    Dex: 13    Spells: 0 memorised, 2 levels left

rFire  . . .     SeeInvis +     b - +0 blowgun
rCold  . . .     Clarity  .     c - +0 robe
rNeg   + + .     SustAt   .     (no shield)
rPois  +         Gourm    .     (helmet unavailable)
rElec  +         Spirit   .     d - +0 cloak
rCorr  .         Warding  .     (no gloves)
rMut   .         Stasis   +     (no boots)
MR     .....                    (no amulet)
Stlth  ++........               (no ring)
                                h - ring of the Hidden Eyes {*Confuse rElec rPois rN++ Str+3}

@: liquid flames, glowing, not resistant to hostile enchantments, unstealthy
A: permanent stasis, dig shafts and tunnels, four strong arms, antennae 3
a: Dig, Shaft Self


You were on level 14 of the Dungeon.
You were not hungry.

You visited 1 branch of the dungeon, and saw 10 of its levels.

You collected 28 gold pieces.

Inventory:

Hand Weapons
 a - a +2 dagger
 b - a +0 blowgun (weapon)
Missiles
 e - 8 poisoned needles
 f - 2 curare-tipped needles (quivered)
Armour
 c - a +0 robe (worn)
 d - a +0 cloak (worn)
Jewellery
 h - the ring of the Hidden Eyes (left hand) {*Confuse rElec rPois rN++ Str+3}
   (You found it on level 8 of the Dungeon)

   [ring of poison resistance]

   It affects your strength (+3).
   It insulates you from electricity.
   It protects you from poison.
   It greatly protects you from negative energy.
   It may confuse you when you take damage.
Comestibles
 g - a bread ration


   Skills:
 - Level 2.1 Fighting
 - Level 2.0 Short Blades
 - Level 1.5 Throwing
 - Level 0.8 Dodging
 + Level 6.1 Stealth


You had 2 spell levels left.
You didn't know any spells.

Dungeon Overview and Level Annotations

Branches:
Dungeon (14/15)
 Temple: D:4-7         Lair: D:8-11         Orc: D:9-12      Vaults: D:13-14

Altars:


Innate Abilities, Weirdness & Mutations

You are under a permanent stasis effect.
You can dig through walls and to a lower floor.
Your four strong arms can wield two-handed weapons with a shield.
You have a pair of large antennae on your head (SInv).


Message History

You feel somewhat more hungry.
You begin to dig a shaft.
You continue digging a shaft.
The mottled dragon breathes sticky fire at you.
The sticky flame hits you!
You are covered in liquid flames!
A shaft appears beneath you!
You fall through a shaft!
The shaft crumbles and collapses.
A fire dragon and a skeleton come into view.
You are covered in liquid flames!
* * * LOW HITPOINT WARNING * * *
Found a ring mail and 14 arrows.
You aren't carrying any potions.
Are you sure you want to shaft yourself?
You feel somewhat more hungry.
You are covered in liquid flames!
* * * LOW HITPOINT WARNING * * *
You begin to dig a shaft.
You continue digging a shaft.
You are covered in liquid flames!
You die...

####+#####
#......@.#
#........#
#........#
#......Z.#
#........#
#..D.....+
#....[...#
#...(....#


You could see a fire dragon (sleeping) and a wyvern skeleton.

Vanquished Creatures
  An iguana (D:9)
1 creature vanquished.

Notes
Turn   | Place    | Note
--------------------------------------------------------------
     0 | D:1      | pipel the Formicid Assassin began the quest for the Orb.
     0 | D:1      | Reached XP level 1. HP: 16/16 MP: 1/1
     4 | D:1      | You fall through a shaft!
     7 | D:2      | You fall through a shaft!
    10 | D:3      | You fall through a shaft for 2 floors!
    10 | D:5      | Entered Level 5 of the Dungeon
    13 | D:5      | You fall through a shaft for 3 floors!
    13 | D:8      | Noticed an iguana
    20 | D:8      | Got a clouded turquoise ring
    21 | D:8      | Identified the ring of the Hidden Eyes {*Confuse rElec rPois rN++ Str+3} (You found it on level 8 of the Dungeon)
    28 | D:9      | Noticed an iguana
    39 | D:9      | Killed an iguana
    39 | D:9      | Reached skill level 6 in Stealth
    39 | D:9      | Reached XP level 2. HP: 13/22 MP: 2/2
    39 | D:9      | Reached XP level 3. HP: 15/27 MP: 3/3
    56 | D:10     | Entered Level 10 of the Dungeon
    60 | D:10     | You fall through a shaft for 2 floors!
    63 | D:12     | You fall through a shaft!
    63 | D:13     | Noticed a mottled dragon
    66 | D:13     | You fall through a shaft!
    66 | D:14     | Noticed a wyvern skeleton
    66 | D:14     | Noticed a fire dragon
    68 | D:14     | Incinerated by a mottled dragon

Action                   || total
-------------------------++-------
 Fire: Blowgun           ||     1
 Abil: Shaft Self        ||     8
